 Dungeon Crawl Stone Soup version 0.31.0-12-g77e489cdc1 (webtiles) character file.

Game seed: 17207211967142506277

98 Gadfly the Insei (level 4, 35/35 HPs)
             Began as a Demonspawn Monk on Feb 12, 2024.
             Quit the game on level 2 of the Dungeon.
             The game lasted 00:03:57 (1862 turns).

Gadfly the Insei (Demonspawn Monk)                  Turns: 1862, Time: 00:03:58

Health: 35/35      AC:  3    Str: 13    XL:     4   Next: 44%
Magic:  4/4        EV: 13    Int: 11    God:
Gold:   105        SH:  5    Dex: 15    Spells: 3/3 levels left

rFire   . .          .
                       - Unarmed
rCold   . . .        c - orb {light}
rNeg    . . .        a - +0 robe
rPois   +            (helmet restricted)
rElec   .            (no cloak)
rCorr   .            l - +0 pair of gloves
SInv    .            (no boots)
Will    .....        f - amulet of reflection
Stlth   +            e - ring of poison resistance
HPRegen 0.25/turn    (no ring)
MPRegen 0.09/turn

%: reflection
@: glowing
A: antennae 1, powered by pain 1
a: no special abilities


You were on level 2 of the Dungeon.
You visited 1 branch of the dungeon, and saw 2 of its levels.

You collected 105 gold pieces.

Inventory:

Hand Weapons
 d - a +0 falchion
Armour
 a - a +0 robe (worn)
 c - an orb of light (worn)
 l - a +0 pair of gloves (worn)
Jewellery
 e - a ring of poison resistance (left hand)
 f - an amulet of reflection (around neck)
 m - a +6 ring of intelligence
 q - a +5 ring of evasion
Wands
 n - a wand of flame (28)
Scrolls
 g - a scroll of blinking
 j - a scroll of identify
 o - a scroll of fog {unknown}
Potions
 b - a potion of ambrosia
 h - a potion of lignification
 i - 2 potions of curing
 k - a potion of heal wounds
 p - a potion of attraction {unknown}


   Skills:
 - Level 3.0 Fighting
 + Level 3.1 Dodging
 * Level 3.4 Unarmed Combat
 * Level 2.0 Evocations
 * Level 1.5 Shapeshifting


You had 3 spell levels left.
You didn't know any spells.
Your spell library contained the following spells:

 Spells                   Type           Power      Damage    Failure   Level
 Jinxbite                 Hex            0%         N/A       47%         2
 Yara's Violent Unravell  Hex/Alch       0%         3d3       100%        5
 Enfeeble                 Hex            0%         N/A       100%        7


Dungeon Overview and Level Annotations

Branches:
Dungeon (2/15)

Altars:


Innate Abilities, Weirdness & Mutations

You have a pair of small antennae on your head.
You sometimes gain a little power by taking damage.


Message History

No target in view!
No target in view!
No target in view!
No target in view!
No target in view!
No target in view!
No target in view!
No target in view!
No target in view!
No target in view!
You now have 105 gold pieces (gained 13).
You see here a +0 flail.
p - a lumpy amethyst potion A frilled lizard comes into view.
The frilled lizard hisses angrily.
A frilled lizard is nearby!
A frilled lizard is nearby!
The frilled lizard bites you but does no damage.
You hit the frilled lizard.
The frilled lizard is heavily wounded.
The frilled lizard misses you.
You closely miss the frilled lizard.
The frilled lizard is heavily wounded.
The frilled lizard closely misses you.
You barely miss the frilled lizard.
The frilled lizard is heavily wounded.
The frilled lizard bites you but does no damage.
You hit the frilled lizard.
You kill the frilled lizard!
No target in view!
No target in view!
No target in view!
No target in view!
No target in view!
No target in view!
No target in view!
No target in view!
q - a +5 ring of evasion
Found a dagger.
Are you sure you want to abandon this character and quit the game? (Confirm with "yes".)

#........# #.# #.....# #
########## #.# #.#...# #
####.###.#...###
#.#......#.#..##
#.########.#..##
#..........#....
#########.##########.##.
................. ...###
.......@..############ #
.........†# .....$....#
..........# ..........#
..........# ).........#
..........#


There were no monsters in sight!

Vanquished Creatures
  An adder (D:2)
  3 gnolls (D:2)
  A dart slug (D:2)
  A ribbon worm (D:2)
  9 endoplasms
  2 giant cockroaches
  2 goblins
  6 hobgoblins
  4 jackals (D:2)
  5 quokkas
  2 ball pythons
  4 frilled lizards
  8 kobolds
  4 rats
52 creatures vanquished.

Notes
Turn   | Place    | Note
-------+----------+-------------------------------------------
     0 | D:1      | Gadfly the Demonspawn Monk began the quest for the Orb.
     0 | D:1      | Reached XP level 1. HP: 18/18 MP: 1/1
   279 | D:1      | Gained mutation: You have a pair of small antennae on your
                  | head. [demonic ancestry]
   279 | D:1      | Reached XP level 2. HP: 18/24 MP: 2/2
   547 | D:1      | Reached skill level 1 in Evocations
   553 | D:1      | HP: 1/24 [frozen (5)]
   941 | D:1      | Reached skill level 1 in Shapeshifting
   944 | D:1      | Gained mutation: You sometimes gain a little power by
                  | taking damage. [demonic ancestry]
   944 | D:1      | Reached XP level 3. HP: 5/29 MP: 3/3
  1521 | D:2      | Reached XP level 4. HP: 35/35 MP: 4/4
  1862 | D:2      | Quit the game

Illustrated notes

Levels and vault maps discovered:
D:1:      grunt_arrival_lava_bath, layout_basic,
          hangedman_decor_clover_reticule, serial_bayou_ford_a
D:2:      layout_basic, minmay_vboxes

Skill      XL: |  1  2  3  4 |
---------------+-------------+-----
Unarmed Combat | 3 |  3.4
Evocations     | 1 2 |  2.0
Shapeshifting  | 1 |  1.5
Dodging        | 3 |  3.1
Fighting       | |  3.0

Action                     |  1- 3 |  4- 6 || total
---------------------------+-------+-------++-------
  Melee: Unarmed           |   146 |    22 ||   168
    Use: Scroll            |     3 |       ||     3
         Potion            |     2 |       ||     2
 Armour: Robe              |    80 |     7 ||    87
  Dodge: Dodged            |    85 |    14 ||    99
